 Dungeon Crawl Stone Soup version 0.27-a0-1332-g84bddb5ca7 (webtiles) character file.

Game seed: 13941088037678632462

252 Gwenloh the Chopper (level 5, -1/47 HPs)
             Began as a Minotaur Fighter on June 26, 2021.
             Was a Follower of Uskayaw.
             Succumbed to a water moccasin's poison
             ... on level 4 of the Dungeon.
             The game lasted 00:07:10 (3251 turns).

Gwenloh the Chopper (Minotaur Fighter)              Turns: 3251, Time: 00:07:11

Health: -1/47      AC:  6    Str: 21    XL:     5   Next: 89%
Magic:  1/4        EV:  7    Int:  5    God:    Uskayaw [*.....]
Gold:   137        SH:  9    Dex: 10    Spells: 4/4 levels left

rFire    . . .     SeeInvis .   a - +0 war axe
rCold    . . .     Faith    .   c - +0 kite shield
rNeg     . . .     Spirit   .   v - +0 scale mail
rPois    .         Reflect  .   (helmet restricted)
rElec    .         Harm     .   (no cloak)
rCorr    .         Rampage  .   (no gloves)
Will     +....                  (no boots)
Stlth    ..........             (no amulet)
HPRegen  0.15/turn              q - ring of willpower
MPRegen  0.09/turn              (no ring)

@: lethally poisoned (-1 -> -14)
A: horns 2, retaliatory headbutt
a: Renounce Religion, Stomp


You were on level 4 of the Dungeon.
You worshipped Uskayaw.
Uskayaw was noncommittal.
You visited 1 branch of the dungeon, and saw 4 of its levels.

You collected 137 gold pieces.

Inventory:

Hand Weapons
 a - a +0 war axe (weapon)
 b - a +0 hunting sling
Missiles
 g - 77 sling bullets
 h - 23 poisoned darts
 k - 56 stones
 o - a boomerang (quivered)
 r - 8 silver boomerangs
Armour
 c - a +0 kite shield (worn)
 l - a +0 ring mail
 v - a +0 scale mail (worn)
Jewellery
 q - a ring of willpower (left hand)
 x - a +4 ring of evasion
Scrolls
 e - a scroll of blinking {unknown}
 i - 2 scrolls of vulnerability
 j - a scroll of fog {unknown}
 n - a scroll of fear {unknown}
 s - a scroll of magic mapping {unknown}
 w - a scroll of amnesia {unknown}
Potions
 d - a potion of might
 f - a potion of haste {unknown}
 m - a potion of cancellation {unknown}
 p - 2 potions of brilliance {unknown}
 t - a potion of heal wounds {unknown}
 u - a potion of curing {unknown}


   Skills:
 + Level 4.5 Fighting
 * Level 7.0 Axes
 - Level 3.6 Armour
 - Level 3.6 Shields


You had 4 spell levels left.
You didn't know any spells.
Your spell library contained the following spells:

 Spells                   Type           Power      Damage    Failure   Level
 Confusing Touch          Hex            0%         N/A       100%        3
 Gell's Gravitas          Tloc           0%         N/A       100%        3
 Petrify                  Tmut/Erth      0%         N/A       100%        4
 Metabolic Englaciation   Hex/Ice        0%         N/A       100%        5
 Yara's Violent Unravell  Hex/Tmut       0%         3d3       100%        5


Dungeon Overview and Level Annotations

Branches:
Dungeon (4/15)
 Temple: D:4-7

Altars:
Gozag
Uskayaw


Innate Abilities, Weirdness & Mutations

You have a pair of horns on your head.
You reflexively headbutt those who attack you in melee.


Message History

The bullfrog gives a loud, deep croak!
The water moccasin bites you but does no damage.
a - a +0 war axe (weapon)
The water moccasin barely misses you. You furiously retaliate!
You headbutt the water moccasin! You closely miss the water moccasin.
The water moccasin is heavily wounded.
You block the water moccasin's attack. The water moccasin bites you.
Your shield and scale mail prevent you from hitting the water moccasin.
Your headbutt misses the water moccasin.
The water moccasin is heavily wounded.
The water moccasin bites you.
You are poisoned.
The water moccasin poisons you!
The bullfrog swells and bulges.
The water moccasin bites you!
You are lethally poisoned!
The water moccasin poisons you!
You stomp with the beat, sending a shockwave through the revellers around you!
The water moccasin is severely wounded.
You can no longer stomp with the beat.
You feel extremely sick. You block the water moccasin's attack.
You can now stomp with the beat.
You barely miss the water moccasin.
Your headbutt misses the water moccasin.
The water moccasin is severely wounded.
You feel very sick. The water moccasin bites you.
You block the water moccasin's attack.
Your shield prevents you from hitting the water moccasin.
The water moccasin is severely wounded.
* * * LOW HITPOINT WARNING * * *
You feel very sick. The water moccasin bites you.
* * * LOW HITPOINT WARNING * * *
The water moccasin bites you.
* * * LOW HITPOINT WARNING * * *
You barely miss the water moccasin.
The water moccasin is severely wounded.
You die...

#..## #............# #...##
#...........## ##...########
##########..# ............##
###.## ### .............##
##....# #.. #..(..........#
###...#.## #.. #...(.........##
###....##..###..
##.......(.....###....#####..##..
..............FS@....######..##..
.##.......(....###...<...###..#..
. ##.......................##....
..........................#....
.####.........................##
##.......###...............#
###.....# #............##..
###...# #............###. #####
#.............###


You could see a water moccasin and a bullfrog.

Vanquished Creatures
  A scorpion (D:3)
  A centaur skeleton (D:4)
  An iguana (D:4)
  A hound skeleton (D:4)
  A gnoll (D:1)
  2 adders
  An adder skeleton (D:4)
  2 worms (D:2)
  3 dart slugs
  4 bats
  4 endoplasms
  6 giant cockroaches
  7 goblins
  6 hobgoblins
  9 jackals
  9 kobolds
  6 quokkas
  10 ball pythons
  2 frilled lizards (D:3)
  3 rats (D:3)
79 creatures vanquished.

Notes
Turn   | Place    | Note
-------+----------+-------------------------------------------
     0 | D:1      | Gwenloh the Minotaur Fighter began the quest for the Orb.
     0 | D:1      | Reached XP level 1. HP: 19/19 MP: 0/0
   113 | D:1      | Reached skill level 3 in Axes
   113 | D:1      | Reached XP level 2. HP: 26/26 MP: 1/1
   407 | D:1      | Reached skill level 4 in Axes
   610 | D:2      | Reached XP level 3. HP: 31/31 MP: 2/2
   820 | D:2      | Reached skill level 5 in Axes
  1604 | D:3      | Reached XP level 4. HP: 39/39 MP: 3/3
  1628 | D:3      | Found an opulent altar of Gozag.
  2148 | D:3      | Found a hide-covered altar of Uskayaw.
  2152 | D:3      | Became a worshipper of Uskayaw the Reveller
  2401 | D:4      | Reached * piety under Uskayaw
  2462 | D:4      | Reached ** piety under Uskayaw
  2463 | D:4      | Reached skill level 6 in Axes
  2744 | D:4      | Reached XP level 5. HP: 46/46 MP: 4/4
  2780 | D:4      | Noticed an ogre
  2811 | D:3      | Reached skill level 7 in Axes
  3236 | D:4      | Noticed a water moccasin
  3251 | D:4      | Succumbed to a water moccasin's poison

Illustrated notes

Levels and vault maps discovered:
D:1:      mrwooster_arrival_statue_2, layout_rooms, minmay_unequal
D:2:      layout_rooms
D:3:      layout_basic, marbit_many_paths, grunt_gozag_statues,
          portal_sewer_entry_f
D:4:      layout_cave_pods, minmay_manual_monstrance

Skill      XL: |  1  2  3  4  5 |
---------------+----------------+-----
Axes           | 3 4 5 6 7 |  7.0
Fighting       | 4 |  4.5
Armour         | |  3.6
Shields        | |  3.6

Action                   |  1- 3 |  4- 6 || total
-------------------------+-------+-------++-------
Melee: War axe           |    92 |    64 ||   156
       Headbutt          |    10 |    11 ||    21
 Fire: Hunting sling     |       |    31 ||    31
Throw: Dart              |    23 |     1 ||    24
       Boomerang         |       |     9 ||     9
Invok: Stomp             |       |     2 ||     2
  Use: Scroll            |       |     1 ||     1
Armor: Scale mail        |    46 |    29 ||    75
Dodge: Dodged            |    45 |    14 ||    59
Block: Kite shield       |    42 |    40 ||    82

Table legend: (Time is in decaauts)
 A = Elapsed time spent in this place.
 B = Non-inter-level travel time spent in this place.
 C = Inter-level travel time spent in this place.
 D = Time resting spent in this place.
 E = Time spent auto-exploring this place.
 F = Levels seen in this place.
 G = Mean time per level.
                   A        B        C        D        E       F      G
               +--------+--------+--------+--------+--------+-----+--------+
         Total |   3336 |   3232 |    104 |     40 |   2592 |   4 |  834.0 |
       Dungeon |   3336 |   3232 |    104 |     40 |   2592 |   4 |  834.0 |
               +--------+--------+--------+--------+--------+-----+--------+

Top non-repeatable levels by time:
     D:3: 1542 daAuts
     D:1: 624 daAuts
     D:4: 599 daAuts
     D:2: 570 daAuts
